General information
- name: BNet
- type: Ladder team game (AT/RT)
- host: Battle.net
- saver: im_bad_at_this
map: Cherryville
- players: 8
- length: 05:26
- speed: Fast
- version: 1.26 W3XP
- replay type: Public
» download(30 KB)
Players
team 1 (loser)
Sabboth (
teal | 64 APM | 346 actions | 05:26)
1 Dark Ranger
1 Black Arrow
» actions
| Assign group hotkey | 11 | |
| Basic commands | 62 | |
| Build / train | 23 | |
| ESC pressed | 1 | |
| Enter build submenu | 9 | |
| Enter hero's abilities submenu | 1 | |
| Right click | 102 | |
| Select / deselect | 60 | |
| Select group hotkey | 64 | |
| Use ability | 13 | |
346 total
» units
» upgrades
» buildings
| Moon Well | 3 | |
| Altar of Elders | 1 | |
| Ancient of War | 2 | |
| Ancient of Wonders | 1 | |
| Tree of Ages | 2 | |
| Hunter's Hall | 1 | |
10 total
» build order
00:18 Moon Well
00:21 Altar of Elders
01:00 Ancient of War
01:28 Moon Well
01:43 Ancient of Wonders
03:10 Tree of Ages
03:10 Tree of Ages
03:17 Ancient of War
03:32 Moon Well
03:49 Hunter's Hall

»
Bulvine (
green | 24 APM | 129 actions | 05:26)
1 Archmage
1 Summon Water Elemental
» actions
| Assign group hotkey | 11 | |
| Build / train | 18 | |
| Enter build submenu | 11 | |
| Enter hero's abilities submenu | 1 | |
| Right click | 33 | |
| Select / deselect | 43 | |
| Use ability | 12 | |
129 total
» units
| Peasant | 9 | |
| Footman | 2 | |
| Rifleman | 4 | |
15 total
» buildings
| Altar of Kings | 1 | |
| Farm | 4 | |
| Barracks | 1 | |
| Lumber Mill | 1 | |
| Blacksmith | 1 | |
| Scout Tower | 1 | |
| Arcane Vault | 1 | |
| Keep | 1 | |
11 total
» build order
00:12 Altar of Kings
00:17 Farm
00:58 Farm
01:25 Barracks
01:35 Lumber Mill
01:40 Farm
02:09 Blacksmith
02:28 Scout Tower
02:45 Arcane Vault
03:19 Farm
04:03 Keep

»
im_bad_at_this (
yellow | 51 APM | 277 actions | 05:26)
1 Keeper of the Grove
1 Entangling Roots
» actions
| Assign group hotkey | 2 | |
| Build / train | 17 | |
| ESC pressed | 4 | |
| Enter build submenu | 10 | |
| Enter hero's abilities submenu | 1 | |
| Right click | 91 | |
| Select / deselect | 120 | |
| Select group hotkey | 13 | |
| Use ability | 19 | |
277 total
» units
» buildings
| Altar of Elders | 2 | |
| Hunter's Hall | 1 | |
| Ancient of Wonders | 1 | |
| Moon Well | 2 | |
| Ancient of War | 2 | |
8 total
» build order
00:09 Altar of Elders
00:11 Altar of Elders
00:35 Hunter's Hall
01:20 Ancient of Wonders
01:39 Moon Well
03:12 Ancient of War
03:19 Ancient of War
04:37 Moon Well
TeenyWeenyazn00 (
purple | 18 APM | 96 actions | 05:15)
1 Death Knight
1 Death Coil
» actions
| Basic commands | 2 | |
| Build / train | 12 | |
| Enter build submenu | 9 | |
| Enter hero's abilities submenu | 1 | |
| Right click | 31 | |
| Select / deselect | 34 | |
| Use ability | 7 | |
96 total
» units
| Acolyte | 2 | |
| Ghoul | 3 | |
| Crypt Fiend | 5 | |
10 total
» buildings
| Ziggurat | 3 | |
| Graveyard | 1 | |
| Altar of Darkness | 1 | |
| Crypt | 2 | |
7 total
» build order
00:08 Ziggurat
00:15 Graveyard
00:27 Altar of Darkness
00:51 Crypt
01:07 Ziggurat
02:06 Crypt
02:19 Ziggurat
team 2 (winner)

»
Cloud-Cult (
pink | 63 APM | 342 actions | 05:26)
1 Tauren Chieftain
1 Endurance Aura
» actions
| Assign group hotkey | 5 | |
| Basic commands | 15 | |
| Build / train | 17 | |
| Enter build submenu | 7 | |
| Enter hero's abilities submenu | 1 | |
| Right click | 171 | |
| Select / deselect | 57 | |
| Select group hotkey | 63 | |
| Use ability | 6 | |
342 total
» units
» upgrades
» buildings
| Altar of Storms | 1 | |
| Orc Burrow | 3 | |
| Barracks | 1 | |
| War Mill | 1 | |
| Stronghold | 1 | |
7 total
» build order
00:07 Altar of Storms
00:10 Orc Burrow
00:30 Barracks
01:27 Orc Burrow
03:22 Orc Burrow
03:58 War Mill
05:05 Stronghold

»
WiX2011 (
blue | 25 APM | 137 actions | 05:26)
1 Death Knight
1 Death Coil
» actions
| Basic commands | 6 | |
| Build / train | 24 | |
| Enter build submenu | 9 | |
| Enter hero's abilities submenu | 1 | |
| Right click | 26 | |
| Select / deselect | 61 | |
| Use ability | 10 | |
137 total
» units
| Acolyte | 3 | |
| Ghoul | 4 | |
| Crypt Fiend | 8 | |
15 total
» buildings
| Crypt | 1 | |
| Ziggurat | 4 | |
| Altar of Darkness | 1 | |
| Graveyard | 1 | |
| Tomb of Relics | 1 | |
| Nerubian Tower | 2 | |
10 total
» build order
00:18 Crypt
00:20 Ziggurat
00:47 Altar of Darkness
01:20 Graveyard
01:38 Ziggurat
02:12 Tomb of Relics
02:47 Ziggurat
03:08 Nerubian Tower
03:08 Nerubian Tower
04:34 Ziggurat
» items
| Rod of Necromancy | 1 | |
| Dust of Appearance | 2 | |
3 total
Toupin-12. (
orange | 19 APM | 101 actions | 05:26)
» actions
| Build / train | 14 | |
| Enter build submenu | 14 | |
| Right click | 26 | |
| Select / deselect | 35 | |
| Use ability | 12 | |
101 total
» units
» upgrades
» buildings
| War Mill | 1 | |
| Orc Burrow | 2 | |
| Watch Tower | 8 | |
| Altar of Storms | 1 | |
12 total
» build order
00:08 War Mill
00:13 Orc Burrow
02:03 Watch Tower
02:29 Watch Tower
02:57 Watch Tower
03:23 Watch Tower
03:41 Watch Tower
03:53 Altar of Storms
04:13 Watch Tower
04:59 Watch Tower
05:08 Orc Burrow
05:24 Watch Tower
hurricannnnes (
red | 55 APM | 301 actions | 05:26)
2 Blood Mage
1 Flame Strike
1 Siphon Mana
» actions
| Assign group hotkey | 42 | |
| Basic commands | 17 | |
| Build / train | 24 | |
| Enter build submenu | 13 | |
| Enter hero's abilities submenu | 2 | |
| Right click | 81 | |
| Select / deselect | 53 | |
| Select group hotkey | 51 | |
| Use ability | 18 | |
301 total
» units
» buildings
| Altar of Kings | 1 | |
| Farm | 4 | |
| Barracks | 2 | |
| Scout Tower | 3 | |
| Arcane Tower | 2 | |
| Town Hall | 1 | |
| Arcane Vault | 1 | |
14 total
» build order
00:24 Altar of Kings
00:36 Farm
00:57 Barracks
01:10 Farm
01:40 Scout Tower
01:59 Farm
02:14 Arcane Tower
02:48 Farm
03:31 Town Hall
03:37 Scout Tower
03:38 Scout Tower
03:43 Arcane Vault
04:04 Barracks
04:40 Arcane Tower
Chat log
(00:10 / Allies) TeenyWeenyazn00: love u teak
(00:23 / Allies) Sabboth: mutual
(00:32 / Allies) TeenyWeenyazn00: want me teeny azn cock
(00:44 / Allies) Sabboth: save it for someone special
(01:02 / Allies) TeenyWeenyazn00: u r speical
(02:31 / Allies) TeenyWeenyazn00: im gay
(02:48 / Allies) im_bad_at_this: err
(02:49 / Allies) im_bad_at_this: shuit
(03:01 / All) im_bad_at_this: well
(03:02 / All) im_bad_at_this: fuck
(03:03 / All) im_bad_at_this: lol
(03:14 / All) im_bad_at_this: so much for this
(03:20 / Allies) TeenyWeenyazn00: ur so bad
(03:35 / All) im_bad_at_this: come back when you're not 18-24
(03:36 / Allies) Sabboth: nbd
(03:46 / All) hurricannnnes: lawl
(03:47 / All) hurricannnnes: who?
(03:54 / All) im_bad_at_this: purp
(04:01 / Allies) TeenyWeenyazn00: lol says the idiot that got towered agiasnt
(04:08 / Allies) im_bad_at_this: only because I was about to tower too
(04:12 / All) hurricannnnes: lol whats he saying
(04:16 / Allies) TeenyWeenyazn00: lol
(04:21 / Allies) TeenyWeenyazn00: means ur ba
(04:23 / Allies) TeenyWeenyazn00: bad
(04:26 / Allies) TeenyWeenyazn00: \
(04:27 / Allies) im_bad_at_this: again
(04:28 / Allies) im_bad_at_this: 18-24
(04:33 / Allies) TeenyWeenyazn00: agian dcs
(04:36 / Allies) TeenyWeenyazn00: resets
(04:39 / Allies) im_bad_at_this: yeah
(04:41 / Allies) im_bad_at_this: you're not special
(04:43 / Allies) TeenyWeenyazn00: come 1v1 if u really wanna talk shit
(04:44 / Allies) im_bad_at_this: EVERYONE has those
(04:46 / Allies) im_bad_at_this: ok then
(04:47 / Allies) TeenyWeenyazn00: all ik is ur are special
(04:50 / Allies) im_bad_at_this: channel after?
(04:53 / Allies) TeenyWeenyazn00: if u got towered
(05:01 / All) im_bad_at_this: What channel do you want after
(05:04 / All) im_bad_at_this: for us to meet in
(05:05 / All) im_bad_at_this: to 1v1
(05:07 / All) im_bad_at_this: purple
(05:10 / Allies) TeenyWeenyazn00: clan toke
(05:12 / Allies) TeenyWeenyazn00: lets go
(05:13 / All) im_bad_at_this: ok
(05:14 / All) im_bad_at_this: Clan toke it is